 Dungeon Crawl Stone Soup version 0.24-b1 (webtiles) character file.

Game seed: 4610570991577852353, levelgen mode: deterministic

116 Arixos the Charmwright (level 5, 0/26 HPs)
             Began as a Vine Stalker Skald on Oct 13, 2019.
             Slain by a gnoll
             ... wielding a +0 spear
              (6 damage)
             ... on level 2 of the Dungeon.
             The game lasted 00:05:43 (884 turns).

Arixos the Charmwright (Vine Stalker Skald)          Turns: 884, Time: 00:05:44

Health: 0/26       AC:  4    Str: 14    XL:     5   Next: 0%
Magic:  0/10       EV: 12    Int: 13    God:
Gold:   63         SH:  0    Dex: 14    Spells: 4/9 levels left

rFire    . . .     SeeInvis .   a - +0 falchion
rCold    + . .     Gourm    .   (no shield)
rNeg     . . .     Faith    .   b - +0 leather armour
rPois    .         Spirit   +   (no helmet)
rElec    .         Reflect  .   (no cloak)
rCorr    .         Harm     .   (no gloves)
MR       .....                  j - +0 pair of boots
Stlth    ++........             (no amulet)
HPRegen  0.48/turn              i - ring of protection from cold
MPRegen  0.12/turn              (no ring)

@: no status effects
A: fangs 2, regeneration 1, magic shield, antimagic bite, no potion heal 3, rot
immunity
a: no special abilities


You were on level 2 of the Dungeon.
You were not hungry.

You visited 1 branch of the dungeon, and saw 2 of its levels.

You collected 63 gold pieces.

Inventory:

Hand Weapons
 a - a +0 falchion (weapon)
Missiles
 g - 7 poisoned darts (quivered)
Armour
 b - a +0 leather armour (worn)
 j - a +0 pair of boots (worn)
Jewellery
 i - a ring of protection from cold (left hand)
Scrolls
 e - a scroll of fear {unknown}
 f - a scroll of remove curse
 h - a scroll of blinking {unknown}
 l - a scroll of magic mapping {unknown}
Potions
 c - a potion of berserk rage {unknown}
 m - a potion of curing {unknown}
Comestibles
 d - 4 rations
 k - 7 chunks of flesh


   Skills:
 + Level 2.3 Fighting
 + Level 2.3 Long Blades
 + Level 1.3 Armour
 + Level 2.0 Dodging
 + Level 1.8 Stealth
 + Level 2.6 Spellcasting
 + Level 3.3 Charms
 + Level 1.2 Translocations


You had 4 spell levels left.
You knew the following spells:

 Your Spells              Type           Power        Failure   Level  Hunger
a - Song of Slaying       Chrm           ##......     11%         2    ###....
b - Infusion              Chrm           ##..         8%          1    #......
s - Shroud of Golubria    Chrm/Tloc      #.....       17%         2    ###....

Your spell library contained the following spells:

 Spells                   Type           Power        Failure   Level  Hunger
 Regeneration             Chrm/Necr      #.........   41%         3    ###....
 Spectral Weapon          Hex/Chrm       #.......     41%         3    ###....


Dungeon Overview and Level Annotations

Branches:
Dungeon (2/15)

Altars:


Innate Abilities, Weirdness & Mutations

You have extremely sharp teeth.
Your natural rate of healing is unusually fast.
When hurt, damage is shared between your health and your magic reserves.
Your bite disrupts and absorbs the magic of your enemies.
Potions cannot restore your health.
You are immune to rotting.


Message History

You closely miss the gnoll.
The gnoll is heavily wounded.
The gnoll misses you. The gnoll barely misses you.
You riposte.
You hit the gnoll.
You kill the gnoll!
You have reached level 5!
The gnoll hits you from afar with a +0 spear.
The gnoll hits you with a +0 spear!
* * * LOW HITPOINT WARNING * * *
Your shroud falls apart!
Things that are here:
a +0 spear; a gnoll corpse You hit the gnoll.
The gnoll is moderately wounded.
The gnoll hits you with a +0 spear.
* * * LOW HITPOINT WARNING * * *
You hit the gnoll but do no damage. Your bite misses the gnoll.
The gnoll is moderately wounded.
The gnoll hits you with a +0 spear.
You die...

### #.# ..# #.#
#g# #@# #)# ###
#.# ... #.#
##### #.#####..
.#.. #.#......
.#.# #
##..?.....
.#.#.#
#######...###...
...#.#
#.........#


You could see a gnoll.

Vanquished Creatures
  A jelly (D:2)
  2 gnolls (D:2)
  2 adders (D:2)
  A worm (D:2)
  A dart slug (D:1)
  A leopard gecko (D:2)
  9 bats
  A giant cockroach (D:1)
  4 goblins
  2 hobgoblins (D:1)
  6 jackals (D:1)
  8 kobolds
  A quokka (D:2)
  A ball python (D:1)
  2 frilled lizards (D:1)
  2 rats (D:1)
44 creatures vanquished.

Notes
Turn   | Place    | Note
-------+----------+-------------------------------------------
     0 | D:1      | Arixos the Vine Stalker Skald began the quest for the Orb.
     0 | D:1      | Reached XP level 1. HP: 11/11 MP: 4/4
    61 | D:1      | Reached XP level 2. HP: 10/15 MP: 3/6
    76 | D:1      | Learned a level 2 spell: Shroud of Golubria
    81 | D:1      | Reached skill level 1 in Armour
   137 | D:1      | Reached skill level 1 in Stealth
   204 | D:1      | Reached XP level 3. HP: 7/18 MP: 2/7
   211 | D:1      | Learned a level 2 spell: Song of Slaying
   629 | D:2      | Gained mutation: Your natural rate of healing is unusually
                  | fast. [Vine Stalker growth]
   629 | D:2      | Reached XP level 4. HP: 23/23 MP: 6/8
   846 | D:2      | Reached skill level 1 in Translocations
   881 | D:2      | Reached XP level 5. HP: 17/26 MP: 3/10
   884 | D:2      | Slain by a gnoll

Skill      XL: |  1  2  3  4 |
---------------+-------------+-----
Armour         | 1 |  1.3
Stealth        | 1 |  1.8
Fighting       | 2 |  2.3
Long Blades    | 2 |  2.3
Dodging        | 2 |  2.0
Translocations | 1 |  1.2
Spellcasting   | |  2.6
Charms         | |  3.3

Action                   |  1- 3 |  4- 6 || total
-------------------------+-------+-------++-------
Melee: Falchion          |    69 |    45 ||   114
       Bite              |    19 |     8 ||    27
 Cast: Shroud of Golubri |     6 |     6 ||    12
  Use: Scroll            |     2 |       ||     2
 Stab: Sleeping          |     1 |     2 ||     3
  Eat: Chunk             |       |     1 ||     1
Armor: Leather armour    |    18 |    17 ||    35
Dodge: Dodged            |    55 |    50 ||   105
       Rpst.: Falchion   |    18 |    16 ||    34
